Map: Bridgehead LE (Void)

Players

Beastyqt - Winner!

  • Race: Terran Terran
  • League: Master

LiveZerg

  • Race: Zerg Zerg
  • League: Master

Event: Lycan League Weekly August #2

VOD

Have the link to the VOD?

Description

Time

  • Played on: Aug. 10, 2015, 1:56 p.m.
  • Length: 5:55

All games in this series

Show
View Real Time Build Order
Export as new Build Order

Beastyqt Terran - Winner!

Build Orders: Reaper Expand 

Get SALT Encoding   

  12  0:01  SCV  
  13  0:13  SCV  
  14  0:18  Supply Depot  
  14  0:25  SCV  
  15  0:40  SCV  
  15  0:41  Barracks  
  16  0:45  Refinery  
  16  0:52  SCV  
  17  1:04  SCV  
  18  1:16  SCV  
  19  1:29  Orbital Command  
  19  1:30  Reaper  
  20  1:44  Command Center  
  20  1:54  Supply Depot  
  20  1:55  SCV  
  21  2:02  Marine  
  21  2:07  SCV  
  23  2:16  Factory  
  23  2:23  SCV  
  23  2:28  Barracks Reactor  
  24  2:35  SCV  
  25  2:40  Barracks x2  
  25  2:43  Refinery  
  25  2:47  SCV  
  26  2:56  Orbital Command  
  26  2:59  SCV  
  27  3:11  SCV  
  28  3:15  Hellion x2  
  28  3:19  Barracks Tech Lab  
  32  3:23  SCV x2  
  34  3:30  Supply Depot, Barracks Reactor x2  
  33  3:35  SCV  
  33  3:37  SCV  
  33  3:39  Marauder  
  33  3:40  Stimpack  
  37  3:47  Hellion  
  41  3:48  Hellion  
  41  3:51  SCV x2  
  43  3:56  Supply Depot  
  43  4:00  Marine  
  44  4:04  SCV, Starport  
  44  4:06  SCV  
  44  4:09  Marine  
  47  4:11  Marine  
  47  4:13  Marine  
  47  4:15  Widow Mine  
  47  4:16  SCV  
  50  4:17  Widow Mine  
  50  4:19  SCV  
  50  4:21  Marine x2  
  55  4:28  SCV  
  55  4:29  Bunker  
  56  4:33  Bunker  
  56  4:35  Marine  
  56  4:37  Marine  
  58  4:39  Supply Depot  
  58  4:41  Marine x2  
  58  4:44  Marine  
  62  4:49  SCV  
  62  4:53  Supply Depot  
  62  5:00  SCV, Viking, Marine x3  
  62  5:01  Marine x2  
  68  5:07  SCV  
  68  5:09  Supply Depot  
  68  5:13  SCV  
  70  5:18  Marine x3  
  70  5:19  SCV, Marine x2  
  73  5:32  Supply Depot  
  73  5:33  Supply Depot  
  70  5:36  SCV, Marine x2  
  70  5:39  SCV  
  56  5:50  Factory Reactor, Starport Reactor  
Show
View Real Time Build Order
Export as new Build Order

LiveZerg Zerg 

Build Orders: Hatch First, Ravager All-In 

Get SALT Encoding   

  12  0:01  Drone  
  13  0:12  Overlord  
  13  0:17  Drone  
  14  0:24  Drone, Extractor  
  15  0:30  Drone  
  15  0:34  Drone  
  17  0:52  Hatchery  
  17  0:55  Drone  
  17  0:59  Drone  
  18  1:08  Extractor  
  17  1:14  Spawning Pool  
  17  1:16  Drone  
  17  1:19  Drone  
  18  1:29  Drone  
  19  1:39  Overlord  
  19  1:49  Drone  
  20  2:00  Drone  
  21  2:01  Queen  
  21  2:05  Queen  
  21  2:07  Zergling x2  
  26  2:11  Metabolic Boost, Zergling x2  
  27  2:16  Overlord  
  27  2:24  Drone  
  27  2:26  Drone  
  29  2:34  Drone  
  28  2:37  Drone  
  29  2:44  Drone  
  29  2:45  Extractor  
  29  2:50  Drone  
  30  2:57  Drone  
  31  2:58  Roach Warren  
  31  3:01  Drone  
  31  3:07  Drone  
  31  3:10  Drone x3  
  31  3:11  Drone  
  36  3:14  Overlord  
  36  3:20  Overlord  
  36  3:26  Overlord  
  36  3:39  Roach x4  
  44  3:43  Roach  
  44  3:46  Roach  
  48  3:49  Roach  
  48  3:51  Roach  
  48  3:55  Roach  
  54  3:59  Roach  
  56  4:03  Roach  
  56  4:04  Zergling x2  
  56  4:05  Zergling x2  
  56  4:08  Zergling x2  
  61  4:15  Zergling x6  
  64  4:20  Overlord  
  64  4:32  Ravager x4  
  64  4:34  Overlord  
  68  4:42  Zergling x8  
  72  4:49  Ravager  
  72  4:51  Overlord  
  73  4:55  Zergling x12  
  73  4:56  Zergling x2  
  73  4:58  Ravager  
  81  5:02  Zergling x4  
  78  5:19  Zergling x6  

Tags
 
Add a new tag
Caveats
  • Supply blocks, unpowered buildings, or Contaminate may cause inaccurate times.
  • Supply counts are checked every 10 seconds.